 Dungeon Crawl Stone Soup version 0.21-a0-13-g3fd62ac (webtiles) character file.

182156 minicreteconcrete the Severer (level 17, -7/154 HPs)
             Began as a Deep Dwarf Berserker on May 23, 2017.
             Was a High Priest of Trog.
             Shot with an arrow by a deep elf master archer (23 damage)
             ... on level 3 of the Elven Halls.
             The game lasted 01:35:41 (24308 turns).

minicreteconcrete the Severer (DDBe)               Turns: 24308, Time: 01:35:42

Health: -7/154     AC: 27    Str: 27    XL:     17   Next: 70%
Magic:  9/9        EV: 13    Int: 13    God:    Trog [*****.]
Gold:   2352       SH:  0    Dex: 14    Spells: 16/16 levels left

rFire    + . .     SeeInvis +   a - +3 battleaxe (vamp)
rCold    + . .     Gourm    .   (shield currently unavailable)
rNeg     + . .     Faith    .   m - +3 plate armour {rF+}
rPois    .         Spirit   .   A - +2 hat {SInv}
rElec    .         Reflect  .   v - scarf {cloud immunity}
rCorr    .         Harm     +   P - +0 pair of gloves
MR       +++++                  M - +2 pair of boots
Stlth    ..........             Y - amulet of harm
Regen    1.0/turn               R - ring "Ciconleh" {rC+ Int+4}
MPRegen  0.2/turn               j - ring of protection from magic

@: lethally poisoned (-7 -> -7), non-regenerating, drained
A: damage resistance, heal wounds, agile 1, frail 1, mutation resistance 1,
negative energy resistance 1, sense surroundings 2, no regeneration
a: Heal Wounds, Berserk, Trog's Hand, Brothers in Arms, Burn Spellbooks,
Renounce Religion


You were on level 3 of the Elven Halls.
You worshipped Trog.
Trog was extremely pleased with you.
You were very hungry.

You visited 4 branches of the dungeon, and saw 26 of its levels.
You also visited: Ossuary and Bailey.

You collected 4043 gold pieces.
You spent 1691 gold pieces at shops.

Inventory:

Hand Weapons
 a - a +3 vampiric battleaxe (weapon)
Missiles
 h - 61 tomahawks of returning
 k - 5 silver javelins
 p - 8 poisoned tomahawks
 u - 2 throwing nets
 x - 3 poisoned javelins
 E - 7 javelins of returning
 O - 2 steel javelins
 S - 2 javelins of penetration (quivered)
Armour
 m - a +3 plate armour of fire resistance (worn)
 v - a scarf of cloud immunity (worn)
 A - a +2 hat of see invisible (worn)
 F - a +0 cloak
 M - a +2 pair of boots (worn)
 P - a +0 pair of gloves (worn)
Jewellery
 i - an uncursed amulet of rage
 j - a ring of protection from magic (right hand)
 n - an uncursed ring of magical power
 t - an uncursed ring of fire
 w - an uncursed ring of flight
 R - the ring "Ciconleh" (left hand) {rC+ Int+4}
   (You found it on level 13 of the Dungeon)

   [ring of protection from cold]

   It affects your intelligence (+4).
   It protects you from cold.
 Y - an amulet of harm (around neck)
Wands
 g - a wand of disintegration (14/24)
 D - a wand of digging (6/24)
Scrolls
 e - 2 scrolls of fog
 l - a scroll of blinking
 o - 11 scrolls of identify
 r - 10 scrolls of teleportation
 s - 10 scrolls of remove curse
 G - 2 scrolls of recharging
 H - 4 scrolls of magic mapping
 N - 6 scrolls of immolation
 W - 2 scrolls of enchant armour
 X - a scroll of fear
Potions
 b - a potion of agility
 c - 6 potions of haste
 d - 4 potions of might
 q - 5 potions of magic
 y - 3 potions of cancellation
 B - 13 potions of heal wounds
 C - 4 potions of brilliance
 I - 5 potions of berserk rage
 J - 9 potions of curing
 V - 2 potions of mutation
Miscellaneous
 U - 4 phantom mirrors
Comestibles
 f - 6 royal jellies
 z - 9 fruits
 K - 13 bread rations
 L - 15 chunks of flesh
 Q - 13 meat rations


   Skills:
 + Level 15.9(15.5) Fighting
 - Level 20.4(20.0) Axes
   Level 2.5(11.8) Polearms
 + Level 4.1(3.8) Throwing
 + Level 15.4(15.0) Armour
 * Level 10.6(10.3) Dodging
 - Level 2.1(1.8) Stealth
 + Level 6.3(6.0) Evocations


You had 16 spell levels left.
You didn't know any spells.

Dungeon Overview and Level Annotations

Branches:
Dungeon (15/15)            Temple (0/1) D:7            Lair (6/6) D:11
 Shoals (0/4) Lair:2       Spider (0/4) Lair:2        Slime (0/5) Lair:6
    Orc (2/2) D:9             Elf (3/3) Orc:2        Vaults (0/5) D:14
 Depths (0/5) D:15

Altars:
Cheibriados
Dithmenos
Elyvilon
Gozag
Hepliaklqana
Vehumet
Wu Jian
Beogh

Shops:
D:4 ?   D:6 [   D:7 }   Orc:1 [   Orc:2 ?(**!

Portals:
Trove: D:15 (give 9 potions of agility)

Annotations:
D:12 !dig
Lair:1 exclusion: oklob plant


Innate Abilities, Weirdness & Mutations

You are resistant to damage.
You can heal yourself by infusing magical energy.
You resist negative energy. (rN+)
You passively map the area around you.
You do not regenerate.
You are agile. (Dex +2)
You are frail. (-10% HP)
You are somewhat resistant to further mutation.


Message History

You slice the deep elf master archer!! You miss the deep elf death mage.
The deep elf death mage seems less brilliant.
The deep elf high priest mumbles some strange prayers to its god against you.
Something smites you!
* * * LOW HITPOINT WARNING * * *
The deep elf master archer shoots an arrow.
The arrow hits you!!
* * * LOW HITPOINT WARNING * * *
Unknown command.
You slice the ghostly deep elf high priest!!
The ghostly deep elf high priest is almost destroyed.
You slash the deep elf death mage!
You closely miss the deep elf master archer.
The deep elf death mage is empowered by the ghostly deep elf high priest's aura!
The ghostly deep elf high priest calls down the wrath of its god upon you.
Something smites you!
* * * LOW HITPOINT WARNING * * *
The deep elf master archer shoots an arrow.
The arrow hits you!!
You die...

*, , , #..#...........
,* #..#..#........... ,
, #(.#..#........... ,
*, #.}#..#.........#. ,
,#..#..#.........). , *,
#..#..#........)#) *
#..#..########'#.. , ,,
,,,#..#............#. ,
,#@e#.............. **
**##'##ee##############.
, ,
......e.)..)...........
...........).(.......#.
, ,
..............)........
*
.###################.#.
,, , #... * * , * * #.#.
, , , , , ** #...


You could see a deep elf master archer, a deep elf death mage, a deep elf high
priest and a ghostly deep elf high priest.

Vanquished Creatures
  A deep elf master archer (Elf:3)
  A deep elf blademaster (Elf:3)
  Gastronok (D:8)
  A fire giant (D:15)
  A vault warden (D:14)
  5 deep elf sorcerers
  A dire elephant (D:15)
  A deep elf demonologist (Elf:3)
  5 deep elf annihilators (Elf:3)
  2 fire dragons
  3 deep elf death magi
  Erolcha (D:10)
  A great orb of eyes (D:15)
  Fannar (D:10)
  2 deep elf high priests (Elf:3)
  7 hydras
  An ice dragon (D:15)
  Erica (D:8)
  23 dancing weapons
  5 centaur warriors
  2 death knights
  5 two-headed ogres
  A deep troll earth mage (D:15)
  3 death yaks (Lair:4)
  5 orc high priests (Orc:2)
  15 deep elf knights
  An unseen horror (D:14)
  A deep troll (D:14)
  A wizard (D:14)
  The ghost of Fingolfin the Slicer, a novice HaFi (D:6)
  6 deep elf archers
  A swamp dragon (Lair:6)
  11 orc knights
  44 deep elf magi
  12 ugly things
  A wolf spider (Lair:6)
  5 oklob plants
  3 cyclopes
  4 orc sorcerers
  A manticore (D:15)
  A moth of wrath (shapeshifter) (Elf:2)
  11 black mambas (Lair:6)
  A merfolk siren (Lair:2)
  A torpor snail (Lair:4)
  A guardian serpent (Lair:6)
  14 elephants
  Maurice (D:10)
  A gargoyle (D:15)
  15 spiny frogs
  2 rime drakes
  A kobold demonologist (D:13)
  5 freezing wraiths
  8 komodo dragons
  An efreet (D:13)
  9 trolls
  A jumping spider (Lair:2)
  3 hornets (Lair:6)
  29 blink frogs
  16 hippogriffs
  23 dream sheep
  8 slime creatures
  2 air elementals (Elf:3)
  A spriggan (shapeshifter) (D:14)
  A shadow (D:13)
  17 wyverns
  A centaur simulacrum (D:13)
  5 wraiths
  2 vampires
  3 fire elementals
  10 redbacks
  3 water elementals
  24 yaks
  6 basilisks
  A hungry ghost (D:8)
  A steam dragon (Lair:6)
  A golden eye (shapeshifter) (D:13)
  5 vampire mosquitoes
  5 wargs
  An acid dragon (shapeshifter) (D:15)
  An acid dragon (Lair:6)
  19 water moccasins
  10 porcupines
  3 ice beasts
  6 swamp drakes (Lair:6)
  A black bear (D:10)
  42 orc warriors
  A necrophage (D:6)
  5 phantoms
  7 sky beasts
  2 eyes of draining (D:10)
  10 ogres
  23 centaurs
  6 wolves (Lair:4)
  9 crocodiles
  A big kobold (D:7)
  A gnoll sergeant (D:13)
  25 bullfrogs
  2 earth elementals (Elf:3)
  4 wyvern zombies
  5 scorpions
  10 killer bees
  6 wights
  An electric eel (Lair:6)
  6 howler monkeys
  6 crimson imps
  3 centaur zombies
  8 hounds
  6 jellies
  4 bullfrog zombies
  28 orc wizards
  4 centaur skeletons
  38 orc priests
  6 iguanas
  4 bullfrog skeletons
  12 worker ants
  A killer bee zombie (D:6)
  A big kobold zombie (Ossuary)
  A hound zombie (D:5)
  2 hound skeletons
  8 mummies (Ossuary)
  A howler monkey zombie (D:5)
  21 gnolls
  23 adders
  A shadow imp (D:10)
  3 oozes
  2 adder skeletons
  3 worms
  3 dart slugs (D:1)
  9 leopard geckos
  125 orcs
  3 ball pythons
  4 giant cockroaches
  9 goblins
  16 hobgoblins
  10 jackals
  A quokka (D:7)
  9 bats
  A gnoll zombie (Ossuary)
  2 hobgoblin zombies (Ossuary)
  2 jackal zombies (D:4)
  21 kobolds
  2 kobold zombies (Ossuary)
  A leopard gecko zombie (D:6)
  2 orc zombies (Ossuary)
  6 rats
  3 fungi
  10 plants (Lair:6)
1059 creatures vanquished.

Vanquished Creatures (others)
  A deep elf elementalist (Elf:3)
  An unseen horror (D:13)
  10 fungi
  17 plants
29 creatures vanquished.

Grand Total: 1088 creatures vanquished

Notes
Turn   | Place    | Note
-------+----------+-------------------------------------------
     0 | D:1      | minicreteconcrete the Deep Dwarf Berserker began the quest for the Orb.
     0 | D:1      | Reached XP level 1. HP: 20/20 MP: 1/1
    68 | D:1      | Reached XP level 2. HP: 17/27 MP: 2/2
   488 | D:1      | Reached skill level 4 in Axes
   723 | D:2      | Reached ** piety under Trog
   723 | D:2      | Reached XP level 3. HP: 7/34 MP: 3/3
  1010 | D:2      | Found a white marble altar of Elyvilon.
  1714 | D:3      | Reached XP level 4. HP: 17/42 MP: 4/4
  1840 | D:3      | Reached skill level 1 in Stealth
  1991 | D:3      | Reached XP level 5. HP: 49/49 MP: 5/5
  2155 | D:3      | Reached *** piety under Trog
  2244 | D:3      | Reached skill level 5 in Axes
  2478 | D:4      | Found a sand-covered staircase.
  2496 | Ossuary  | Entered an ossuary
  2524 | Ossuary  | Reached XP level 6. HP: 29/56 MP: 6/6
  2944 | D:4      | Found Hetig's Magic Scroll Shop.
  3228 | D:5      | Entered Level 5 of the Dungeon
  3420 | D:5      | Noticed a sky beast
  3429 | D:5      | Killed a sky beast
  3429 | D:5      | Reached skill level 6 in Axes
  3429 | D:5      | Reached XP level 7. HP: 38/63 MP: 7/7
  3432 | D:5      | Gained mutation: You are partially covered in slimy green scales. (AC +2) [mutagenic meat]
  3433 | D:5      | Gained mutation: You are occasionally teleported next to monsters. [mutagenic meat]
  3434 | D:5      | Gained mutation: Your muscles are strong. (Str +2) [mutagenic meat]
  3665 | D:5      | Reached **** piety under Trog
  4109 | D:6      | Reached skill level 7 in Axes
  4120 | D:6      | Reached skill level 5 in Armour
  4359 | D:6      | Noticed Fingolfin's ghost (novice HaFi)
  4390 | D:6      | Killed Fingolfin's ghost
  4390 | D:6      | Reached skill level 8 in Axes
  4390 | D:6      | Reached XP level 8. HP: 44/73 MP: 4/6
  4719 | D:6      | Found Nadd's Armour Emporium.
  4827 | D:6      | Reached skill level 5 in Fighting
  4846 | D:6      | Reached skill level 9 in Axes
  5230 | D:7      | Gained mutation: You passively map the area around you. [Deep Dwarf growth]
  5230 | D:7      | Reached XP level 9. HP: 33/81 MP: 7/7
  5316 | D:7      | Got a polished dagger
  5317 | D:7      | Identified the +5 dagger "Undertaker" {pierce, +Blink Dex-4 SInv} (You found it on level 7 of the Dungeon)
  5386 | D:7      | Lost mutation: Your muscles are strong. (Str +2) [potion of mutation]
  5386 | D:7      | Lost mutation: You are occasionally teleported next to monsters. [potion of mutation]
  5386 | D:7      | Lost mutation: You are partially covered in slimy green scales. (AC +2) [potion of mutation]
  5386 | D:7      | Gained mutation: You are agile. (Dex +2) [potion of mutation]
  5386 | D:7      | Gained mutation: You are somewhat resistant to further mutation. [potion of mutation]
  5408 | D:7      | Received a gift from Trog
  5476 | D:7      | Reached skill level 10 in Axes
  5535 | D:7      | Found an ornate altar of the Wu Jian Council.
  5553 | D:7      | Noticed a two-headed ogre
  5558 | D:7      | Noticed a centaur warrior
  5558 | D:7      | Found a hazy altar of Hepliaklqana.
  5558 | D:7      | Found a snail-covered altar of Cheibriados.
  5558 | D:7      | Found an ornate altar of the Wu Jian Council.
  5568 | D:7      | Killed a two-headed ogre
  5570 | D:7      | Killed a centaur warrior
  5570 | D:7      | Reached skill level 11 in Axes
  5570 | D:7      | Reached XP level 10. HP: 56/91 MP: 8/8
  5598 | D:7      | Got a scorched battleaxe
  5599 | D:7      | Identified the +4 battleaxe of the Endless Expanse {chop, rF- rC+ MP+9} (You found it on level 7 of the Dungeon)
  5680 | D:7      | Reached ***** piety under Trog
  5945 | D:7      | Found Fakyph's Quality Used Wands.
  6027 | D:7      | Found a staircase to the Ecumenical Temple.
  6921 | D:8      | Reached skill level 12 in Axes
  6929 | D:8      | Noticed Gastronok
  6942 | D:8      | Killed Gastronok
  6946 | D:8      | HP: 2/94 [orc priest/divine providence (14)]
  6952 | D:8      | Reached skill level 13 in Axes
  7257 | D:8      | Reached XP level 11. HP: 33/100 MP: 10/10
  7333 | D:8      | Noticed Erica
  7349 | D:8      | Killed Erica
  7468 | D:9      | Found a flagged portal.
  7486 | Bailey   | Entered a bailey
  7969 | D:9      | Received a gift from Trog
  8444 | D:9      | Found a staircase to the Orcish Mines.
  8463 | D:10     | Entered Level 10 of the Dungeon
  8524 | D:10     | Noticed Fannar
  8542 | D:10     | Killed Fannar
  8585 | D:10     | Reached skill level 1 in Throwing
  8590 | D:10     | Reached skill level 14 in Axes
  8896 | D:10     | Noticed Erolcha
  8902 | D:10     | Killed Erolcha
  8928 | D:10     | Noticed Maurice
  8934 | D:10     | Killed Maurice
  9126 | D:10     | Reached skill level 10 in Armour
  9126 | D:10     | Reached skill level 5 in Dodging
  9126 | D:10     | Reached XP level 12. HP: 48/112 MP: 11/11
  9169 | D:11     | Reached skill level 15 in Axes
  9356 | D:11     | Noticed a death knight
  9369 | D:11     | Received a gift from Trog
  9380 | D:11     | HP: 2/168 [mirror damage (20)]
  9386 | D:11     | Killed a death knight
  9386 | D:11     | Reached XP level 13. HP: 27/118 MP: 10/10
  9475 | D:11     | Gained mutation: You are frail. (-10% HP) [mutagenic meat]
 10081 | D:11     | Found a staircase to the Lair.
 10482 | D:6      | Bought a +3 plate armour of fire resistance for 585 gold pieces
 10717 | D:12     | HP: 2/108 [cyclops (14)]
 10777 | D:12     | Found a labyrinth entrance.
 10875 | D:12     | Reached skill level 16 in Axes
 11312 | D:13     | Received a gift from Trog
 11435 | D:13     | Received a gift from Trog
 11438 | D:13     | Got a warped glaive {god gift}
 11439 | D:13     | Identified the +9 glaive of Trog's Pride {speed, *Rage Str+4 Int+3 Stlth+} (Trog gifted it to you on level 13 of the Dungeon)
 11615 | D:13     | Reached ****** piety under Trog
 11807 | D:13     | Reached skill level 17 in Axes
 11834 | D:13     | Reached skill level 10 in Fighting
 11849 | D:13     | Got a clouded marble ring
 11965 | D:13     | Identified the ring "Ciconleh" {rC+ Int+4} (You found it on level 13 of the Dungeon)
 11994 | D:13     | Got a pitted silver ring
 11996 | D:13     | Identified the ring "Solauv Gose" {*Slow rPois Int+2 Dex+8} (You found it on level 13 of the Dungeon)
 12352 | D:14     | Received a gift from Trog
 12828 | D:14     | Noticed a fire dragon
 12831 | D:14     | Gained mutation: You resist negative energy. (rN+) [Deep Dwarf growth]
 12831 | D:14     | Reached XP level 14. HP: 92/118 MP: 9/9
 12886 | D:14     | Noticed a vault warden
 12892 | D:14     | Killed a vault warden
 12901 | D:14     | Found a gate to the Vaults.
 13032 | D:15     | Entered Level 15 of the Dungeon
 13080 | D:15     | Found a portal to a secret trove of treasure.
 13127 | D:15     | Noticed a fire giant
 13139 | D:15     | Killed a fire giant
 13143 | D:15     | Found a large runed door.
 13144 | D:15     | Found a large runed door.
 13211 | D:15     | Reached skill level 18 in Axes
 13710 | D:15     | Found a staircase to the Depths.
 13824 | D:15     | Received a gift from Trog
 14094 | D:15     | Found a shadowy altar of Dithmenos.
 14095 | D:15     | Found an opulent altar of Gozag.
 14221 | Lair:1   | Entered Level 1 of the Lair of Beasts
 15054 | Lair:2   | Found a staircase to the Shoals.
 15197 | Lair:2   | Reached skill level 19 in Axes
 15428 | Lair:2   | Found a hole to the Spider Nest.
 15892 | Lair:3   | Received a gift from Trog
 16709 | Lair:3   | Reached XP level 15. HP: 85/127 MP: 8/8
 17450 | Lair:5   | Received a gift from Trog
 17665 | Lair:5   | Received a gift from Trog
 18190 | Lair:6   | Entered Level 6 of the Lair of Beasts
 18223 | Lair:6   | Reached skill level 20 in Axes
 18345 | Lair:6   | Paralysed by a hornet for 3 turns
 18802 | Lair:6   | Found a staircase to the Slime Pits.
 19359 | Lair:6   | Reached XP level 16. HP: 76/138 MP: 9/9
 19806 | Orc:1    | Entered Level 1 of the Orcish Mines
 19974 | Orc:1    | Found Poutaow's Antique Armour Shoppe.
 20003 | Orc:1    | Received a gift from Trog
 20153 | Orc:2    | Entered Level 2 of the Orcish Mines
 20364 | Orc:2    | Found a staircase to the Elven Halls.
 20510 | Orc:2    | Found Rep Were's Distillery.
 20518 | Orc:2    | Bought 2 potions of cancellation for 160 gold pieces
 20526 | Orc:2    | Found a roughly hewn altar of Beogh.
 20625 | Orc:2    | Received a gift from Trog
 20759 | Orc:2    | Received a gift from Trog
 20932 | Orc:2    | Found Hangetz's Assorted Antiques.
 20935 | Orc:2    | Found Quoz's Antique Weapon Boutique.
 20936 | Orc:2    | Found Wuzycir's Magic Scroll Boutique.
 20937 | Orc:2    | Found Kadeos's General Store.
 20940 | Orc:2    | Bought a scroll of acquirement for 676 gold pieces
 20955 | Orc:2    | Bought a potion of haste for 150 gold pieces
 20955 | Orc:2    | Bought a potion of heal wounds for 75 gold pieces
 20955 | Orc:2    | Bought a scroll of teleportation for 45 gold pieces
 21312 | Elf:1    | Entered Level 1 of the Elven Halls
 21329 | Elf:1    | Found a radiant altar of Vehumet.
 21460 | Elf:1    | Received a gift from Trog
 22826 | Elf:2    | Received a gift from Trog
 22858 | Elf:2    | Found a runed gate.
 22858 | Elf:2    | Found a runed gate.
 22858 | Elf:2    | Found a runed gate.
 23257 | Elf:2    | Reached XP level 17. HP: 127/151 MP: 10/10
 23525 | Elf:2    | Reached skill level 15 in Fighting
 23526 | Elf:2    | Received a gift from Trog
 23741 | Elf:3    | Entered Level 3 of the Elven Halls
 23898 | Elf:3    | Reached skill level 10 in Dodging
 23922 | Elf:3    | Reached skill level 15 in Armour
 24097 | Elf:3    | Noticed a deep elf blademaster
 24108 | Elf:3    | Killed a deep elf blademaster
 24153 | Elf:3    | Noticed a deep elf master archer
 24178 | Elf:3    | Killed a deep elf master archer
 24300 | Elf:3    | Noticed a deep elf master archer
 24308 | Elf:3    | Shot with an arrow by a deep elf master archer

Vault maps used:
D:1:      noname_arrival_rooms_in_the_neighbourhood
D:2:      lemuel_doored_altar, first_bread
D:4:      serial_shops, kennysheep_mini_moat, enter_ossuary_3
D:5:      kennysheep_diamond, serial_bayou_ford_a
D:6:      serial_shops, shop, dk_noncrumbling_4
D:7:      gammafunk_temple_overflow_arena, temple_doors_ab, basic_altar,
          nicolae_for_you_no_charge
D:8:      uniq_erica, uniq_gastronok
D:9:      orc_0_dummy, enter_bailey_3, grunt_ogre_cave
D:10:     uniq_fannar, uniq_maurice, uniq_erolcha
D:11:     minmay_the_grid_square_5x5_4x4_mashed, lair_entry_dummy
D:12:     lab_entry_generic, special_room, due_unseen_surprise
D:13:     cheibrodos_ideogram_h
D:14:     david_vaults_4, infiniplex_staircase_pool
D:15:     hangedman_depths_entry_try_elsewhere_first, enter_trove_2,
          amethyst_killhole, jmf_multi_god_temple2
Lair:1:   minmay_lair_oklob_bushes, cheibrodos_lair_reptile_den
Lair:2:   minmay_shoals_entry_lonely_mermaid, spider_nest_entry_a,
          minmay_lair_oklob_items
Lair:3:   grunt_megastairs_5
Lair:5:   st_stairs_4, serial_bayou_shore_b
Lair:6:   hangedman_lair_tendril_chambers, guppyfry_lair_end_dragon,
          slime_dummy, serial_bayou, serial_bayou_pond_e, serial_bayou_pond_a,
          serial_bayou_shore_a, serial_bayou_pond_d, serial_bayou_shore_b,
          minmay_lair_oklob_chamber
Orc:1:    serial_shops, nicolae_shop_statue_plus
Orc:2:    st_orc_pillars, serial_shops, nicolae_shop_crystal, basic_altar,
          guppyfry_library_mini
Elf:1:    eino_elf_arrival_altar, hangedman_corner_corridor, spider_trap
Elf:2:    stair_cage_line
Elf:3:    nooodl_elf_gasket, st_stairs_11
Ossuary:  ossuary_tomb_3
Bailey:   bailey_axe_2, bailey

Skill      XL: |  1  2  3  4  5  6  7  8  9 10 11 12 13 14 15 16 17 |
---------------+----------------------------------------------------+-----
Fighting       | 3 4 5 6 7 8 10 11 12 14 15 | 15.9
Axes           | 4 5 6 8 9 11 13 14 15 17 19 20 | 20.4
Stealth        | 1 2 |  2.1
Dodging        | 3 4 5 6 7 9 10 | 10.6
Armour         | 3 4 6 8 10 11 12 13 14 15 | 15.4
Evocations     | 2 3 4 6 |  6.3
Throwing       | 2 3 4 |  4.1
Polearms       | 2 |  2.5

Action                   |  1- 3 |  4- 6 |  7- 9 | 10-12 | 13-15 | 16-18 || total
-------------------------+-------+-------+-------+-------+-------+-------++-------
Melee: Hand axe          |   119 |   196 |   251 |       |       |       ||   566
       Battleaxe         |       |       |    40 |   338 |  1165 |   782 ||  2325
       Demon trident     |       |       |       |       |     4 |       ||     4
Throw: Javelin           |     2 |       |       |     6 |    12 |     4 ||    24
       Tomahawk          |       |       |       |     1 |     8 |       ||     9
Invok: Berserk           |     8 |    12 |    12 |     9 |    10 |     2 ||    53
       Trog's Hand       |       |       |     1 |     6 |    13 |    16 ||    36
 Abil: Heal Wounds       |     1 |     4 |     4 |    11 |    11 |     6 ||    37
Evoke: Wand              |       |     2 |    17 |     9 |     5 |     1 ||    34
  Use: Scroll            |     4 |     7 |     3 |     5 |    11 |     4 ||    34
       Potion            |       |       |     8 |     2 |     9 |     1 ||    20
 Stab: Sleeping          |     2 |       |       |       |       |       ||     2
       Distracted        |       |     1 |       |       |       |       ||     1
       Invisible         |       |       |     6 |       |       |       ||     6
  Eat: Chunk             |     8 |     7 |    21 |    23 |    46 |    24 ||   129
       Bread ration      |       |     2 |       |       |     1 |       ||     3
       Royal jelly       |       |     1 |       |       |     1 |       ||     2
       Meat ration       |       |       |       |       |     1 |       ||     1
Armor: Animal skin       |     9 |       |       |       |       |       ||     9
       Chain mail        |    33 |    85 |   137 |   103 |       |       ||   358
       Ring mail         |    10 |       |       |       |       |       ||    10
       Skin              |       |       |       |    25 |       |       ||    25
       Plate armour      |       |       |       |   103 |   848 |   341 ||  1292
Dodge: Dodged            |    78 |    89 |   156 |   197 |   618 |   266 ||  1404
